 Dungeon Crawl Stone Soup version 0.30-a0-782-ge64f9170bb (webtiles) character file.

Game seed: 7133030763561234152

117836 Leeroy the Fencer (level 16, -3/141 HPs)
             Began as a Merfolk Gladiator on Feb 25, 2023.
             Was the Champion of Okawaru.
             Constricted to death by a naga warrior (6 damage)
             ... on level 4 of the Snake Pit.
             The game lasted 00:55:18 (24095 turns).

Leeroy the Fencer (Merfolk Gladiator)              Turns: 24095, Time: 00:55:19

Health: -3/141     AC: 14    Str: 20    XL:     16   Next: 75%
Magic:  22/22      EV: 35    Int:  6    God:    Okawaru [******]
Gold:   1185       SH:  0    Dex: 28    Spells: 15/23 levels left

rFire   + . .      SeeInvis .    Z - +5 great sword (distort)
rCold   + + .      Faith    .    (shield currently unavailable)
rNeg    . . .      Spirit   .    F - +3 leather armour of Lugonu's Esteem {rCorr Dex+4}
rPois   +          Reflect  .    q - +0 helmet
rElec   .          Harm     .    i - +0 cloak {rPois}
rCorr   +          Rampage  .    M - +2 pair of gloves {Dex+3}
Will    ++...                    l - +2 pair of boots of the Lobster {rF+ rC- rCorr Stlth+}
Stlth   +++                      V - amulet of regeneration
HPRegen 1.23/turn                J - +5 ring of evasion
MPRegen 0.18/turn                n - ring of Equilibrium {rC+++ Will+ Str+5 Int-3}

@: lethally poisoned (-3 -> -4), weakened, constricted
A: (nimble swimmer 2), mertail, screaming 1
a: Renounce Religion, Heroism, Finesse, Duel


You were on level 4 of the Snake Pit.
You worshipped Okawaru.
Okawaru was exalted by your worship.
You visited 3 branches of the dungeon, and saw 21 of its levels.
You also visited: Gauntlet and Ice Cave.

You collected 1741 gold pieces.
You spent 556 gold pieces at shops.

Inventory:

Hand Weapons
 a - a +2 scimitar of freezing
 g - a +0 rapier of electrocution
 Z - a +5 great sword of distortion (weapon)
Missiles
 b - 2 atropa-tipped darts
 c - 4 curare-tipped darts
 o - 39 poisoned darts (quivered)
 x - a boomerang
 L - 2 throwing nets
 T - 10 silver javelins
Armour
 i - a +0 cloak of poison resistance (worn)
 l - the +2 pair of boots of the Lobster (worn) {rF+ rC- rCorr Stlth+}
   (Okawaru gifted it to you on level 5 of the Lair of Beasts)

   rF:        It protects you from fire.
   rC:        It makes you vulnerable to cold.
   rCorr:     It protects you from acid and corrosion.
   Stlth:     It makes you more stealthy.
 q - a +0 helmet (worn)
 z - the +3 buckler of Existentialism {Int+3 Dex+3}
   (Okawaru gifted it to you in a Gauntlet)

   Int:       It affects your intelligence (+3).
   Dex:       It affects your dexterity (+3).
 F - the +3 leather armour of Lugonu's Esteem (worn) {rCorr Dex+4}
   (You found it on level 5 of the Dungeon)

   Dex:       It affects your dexterity (+4).
   rCorr:     It protects you from acid and corrosion.
 M - a +2 pair of gloves of dexterity (worn)
Jewellery
 n - the ring of Equilibrium (right hand) {rC+++ Will+ Str+5 Int-3}
   (You found it in a Gauntlet)

   [ring of willpower]

   Str:       It affects your strength (+5).
   Int:       It affects your intelligence (-3).
   rC:        It renders you almost immune to cold.
   Will:      It increases your willpower.
 J - a +5 ring of evasion (left hand)
 P - the ring of Nontuon {rPois rF+++ rN+ Dex-4 Stlth+}
   (You found it in a Gauntlet)

   [ring of poison resistance]

   Dex:       It affects your dexterity (-4).
   rF:        It renders you almost immune to fire.
   rPois:     It protects you from poison.
   rN:        It protects you from negative energy.
   Stlth:     It makes you more stealthy.
 V - an amulet of regeneration (around neck)
 W - the amulet of Ysaim {Acrobat Drain rF+ rN+ Str+3}
   (You found it on level 3 of the Lair of Beasts)

   [amulet of the acrobat]

   It increases your evasion while moving and waiting.
   Str:       It affects your strength (+3).
   rF:        It protects you from fire.
   rN:        It protects you from negative energy.
   Drain:     It drains your maximum health when unequipped.
Wands
 d - a wand of light (14)
 w - a wand of mindburst (7)
 N - a wand of polymorph (15)
 R - a wand of roots (9)
 S - a wand of digging (7)
 X - a wand of flame (29)
Scrolls
 h - a scroll of fog
 k - 3 scrolls of silence
 m - a scroll of blinking
 p - 8 scrolls of teleportation
 r - 3 scrolls of brand weapon
 A - 2 scrolls of torment
 B - 7 scrolls of enchant armour
 D - 2 scrolls of amnesia
 E - 3 scrolls of vulnerability
 K - 7 scrolls of poison
 O - 2 scrolls of magic mapping
Potions
 f - a potion of invisibility
 j - a potion of flight {unknown}
 s - 5 potions of degeneration {unknown}
 t - 2 potions of berserk rage {unknown}
 u - 3 potions of cancellation {unknown}
 v - 4 potions of haste {unknown}
 y - 2 potions of brilliance
 C - 2 potions of might
 G - 3 potions of lignification {unknown}
 H - 8 potions of curing
 I - 3 potions of mutation
 Q - 4 potions of resistance {unknown}
 U - 2 potions of ambrosia
 Y - a potion of attraction
Miscellaneous
 e - a phial of floods


   Skills:
 - Level 17.5 Fighting
 - Level 20.9 Long Blades
 - Level 2.0 Throwing
 - Level 20.4 Dodging
 - Level 4.0 Shields
 + Level 4.0 Spellcasting
 - Level 8.0 Translocations
 - Level 7.0 Invocations


You had 15 spell levels left.
You knew the following spells:

 Your Spells              Type           Power      Damage    Failure   Level
a - Manifold Assault      Tloc           10%        N/A       14%         4
b - Passage of Golubria   Tloc           10%        N/A       14%         4

Your spell library contained the following spells:

 Spells                   Type           Power      Damage    Failure   Level
 Apportation              Tloc           20%        N/A       1%          1
 Freeze                   Ice            4%         1d3       36%         1
 Necrotise                Necr           4%         1d4       36%         1
 Slow                     Hex            4%         N/A       36%         1
 Sting                    Tmut/Pois      4%         1d3       36%         1
 Kindle Blastsparks       Fire/Tloc/Air  8%         2d10      36%         3
 Cigotuvi's Dreadful Rot  Necr/Pois/Air  2%         N/A       52%         2
 Poisonous Vapours        Pois/Air       2%         N/A       52%         2
 Iskenderun's Mystic Bla  Conj/Tloc      6%         2d4       58%         4
 Confusing Touch          Hex            1%         N/A       75%         3
 Frozen Ramparts          Ice            2%         1d1       75%         3
 Hailstorm                Conj/Ice       1%         3d3       75%         3
 Inner Flame              Hex/Fire       1%         N/A       75%         3
 Vampiric Draining        Necr           1%         2d6       75%         3
 Dispersal                Tloc           5%         N/A       92%         6
 Anguish                  Hex/Necr       0%         N/A       98%         4
 Cause Fear               Hex            0%         N/A       98%         4
 Dispel Undead            Necr           1%         3d6       98%         4
 Flame Wave               Conj/Fire      1%         2d4       98%         4
 Fulminant Prism          Conj/Hex       0%         3d5       98%         4
 Ice Form                 Ice/Tmut       1%         N/A       98%         4
 Olgreb's Toxic Radiance  Pois           1%         N/A       98%         4
 Sticky Flame             Conj/Fire      1%         2d3       98%         4
 Agony                    Necr           1%         N/A       100%        5
 Alistair's Intoxication  Tmut/Pois      0%         N/A       100%        5
 Borgnjor's Vile Clutch   Necr/Erth      0%         N/A       100%        5
 Lee's Rapid Deconstruct  Erth           0%         3d4*      100%        5
 Silence                  Hex/Air        0%         N/A       100%        5
 Yara's Violent Unravell  Hex/Tmut       0%         3d3       100%        5
 Dragon Form              Tmut           0%         N/A       100%        7
 Enfeeble                 Hex            0%         N/A       100%        7
 Disjunction              Tloc           5%         N/A       100%        8
 Lehudib's Crystal Spear  Conj/Erth      0%         10d2      100%        8
 Animate Dead             Necr           Unusable   N/A       N/A         4
 Death Channel            Necr           Unusable   N/A       N/A         6
 Simulacrum               Ice/Necr       Unusable   N/A       N/A         6
 Dragon's Call            Summ           Unusable   N/A       N/A         9

Dungeon Overview and Level Annotations

Branches:
Dungeon (12/15)            Temple (0/1) D:5            Lair (5/5) D:8
 Shoals (0/4) Lair:2        Snake (4/4) Lair:3        Slime (0/5) Lair:4
    Orc (0/2) D:9           IceCv (visited)         Gauntlet (visited)

Altars:
Ashenzari
Cheibriados
Fedhas
Okawaru
Trog
Vehumet
Zin
Jiyva

Shops:
D:4 *   D:12 *   Snake:1 [

Annotations:
Snake:4 Roxanne
Abyss:1 Mara


Innate Abilities, Weirdness & Mutations

((You are very nimble when in or above water. (Stealth+, EV+, Speed+++)))
Your lower body shifts to a powerful aquatic tail in water.
You occasionally shout uncontrollably at your foes.


Message History

The naga warrior completely misses you. x2; The salamander closely misses you.
The naga warrior hits you from afar with a +0 glaive!!
You hit the salamander but do no damage.
The salamander is moderately wounded.
The salamander blinks!
The naga warrior completely misses you. The naga warrior grabs you.
The naga warrior constricts you.
You hit the salamander but do no damage.
The salamander is moderately wounded.
The naga warrior completely misses you.
The salamander hits you with a +0 halberd.
You are engulfed in flames.
You resist. The naga warrior spits poison at you.
The splash of poison hits you.
You are poisoned.
You resist.
* * * LOW HITPOINT WARNING * * *
The naga warrior constricts you.
* * * LOW HITPOINT WARNING * * *
You hit the salamander.
The salamander is moderately wounded.
The salamander blinks!
You feel sick.
The naga warrior no longer looks unusually strong.
The salamander tyrant gazes fiercely through you!
You feel as though you will be weak longer.
The salamander barely misses you.
The naga warrior roars a battlecry!
The nagas go into a battle-frenzy!
You slice the salamander!!
Space warps around the salamander.
The salamander is severely wounded.
You feel sick. The naga warrior closely misses you.
The naga warrior constricts you.
* * * LOW HITPOINT WARNING * * *
You slice the salamander!!
You kill the salamander!
Okawaru accepts your kill.
You feel sick. The naga warrior misses you.
The naga warrior hits you with a +2 long sword of holy wrath!!
* * * LOW HITPOINT WARNING * * *
The naga warrior constricts you.
You die...

)# ##....# ###.§§....###.
.###....## .............#.
.......## .#.......§.#... #
.......# ...........N.# ##
.......# #### #.....†S..# ###.
......####.<##### ##'#'## ####...
...)......).....###NN...###......
.........).....##NNN≈≈§...##..###
..#'#..........#@#N.≈≈≈..#.#.##
.##.'##).......#)#..≈≈§..#.###
##....'........#.#..≈≈≈..#.###
#.....#...###..##...§≈≈...##.##
##...##..## #...###.....###...###
#.....#.....#....###'''###.......
#....##...8......##.....##.......
##. #..........)............### #
....................####


You could see 2 naga warriors, a salamander (strong) and 2 nagas.

Vanquished Creatures
  Nikola (Snake:4)
  Kirke (Lair:3)
  A nagaraja (Snake:2)
  A minotaur (Gauntlet)
  An entropy weaver (Gauntlet)
  4 salamander tyrants
  An ice dragon (Snake:1)
  3 hydras
  5 catoblepae
  10 anacondas
  2 boulder beetles
  4 two-headed ogres
  18 death yaks
  10 naga warriors
  4 naga sharpshooters
  Nergalle (D:11)
  5 shock serpents
  3 sea snakes (Snake:1)
  6 naga ritualists
  8 mana vipers
  An oklob plant (Lair:5)
  2 manticores (Lair:5)
  16 salamanders
  12 elephants (Lair:4)
  A worldbinder (Gauntlet)
  A cyclops (D:11)
  4 ugly things
  36 black mambas
  2 ice statues (IceCv)
  A guardian serpent (Snake:2)
  A demonic crawler (Lair:3)
  2 unseen horrors (D:11)
  8 naga magi
  3 rime drakes
  8 cane toads
  6 komodo dragons
  5 trolls
  A polar bear (Lair:2)
  7 dream sheep (Lair:5)
  11 blink frogs
  A jumping spider (Gauntlet)
  A shadow (D:10)
  A centaur simulacrum (D:12)
  34 yaks
  3 wraiths
  2 wyverns
  A hog (Lair:3)
  3 basilisks
  5 humans (Lair:3)
  A neqoxec (Gauntlet)
  A chaos spawn (Gauntlet)
  4 vampire mosquitoes (D:12)
  A redback (D:12)
  4 steam dragons
  2 wargs (D:9)
  2 death yak simulacra (IceCv)
  Menkaure (D:7)
  2 swamp worms (Lair:3)
  36 nagas
  2 acid dragons
  13 water moccasins
  4 orc warriors
  An ice beast (D:5)
  A boggart (Gauntlet)
  14 wolves
  2 centaurs (D:9)
  A kobold brigand (D:8)
  3 phantoms
  10 bullfrogs
  2 necrophages
  A cane toad simulacrum (IceCv)
  3 scorpions
  9 wights
  14 killer bees
  An elephant simulacrum (IceCv)
  An electric eel (Snake:1)
  4 howler monkeys
  A crimson imp (D:9)
  3 hounds
  5 orc priests
  A jelly (D:6)
  Crazy Yiuf (D:2)
  2 iguanas
  Natasha (thrice) (D:2)
  8 orc wizards
  Terence (D:2)
  A mummy (D:9)
  Robin (D:2)
  A gnoll (D:5)
  7 adders
  A shadow imp (D:7)
  4 white imps
  An ufetubus (D:5)
  4 worms
  4 dart slugs
  36 orcs
  8 endoplasms
  2 giant cockroaches
  16 goblins
  8 hobgoblins
  3 jackals (D:2)
  4 quokkas
  5 ball pythons
  7 bats
  2 frilled lizards
  11 kobolds
  11 rats
  3 bushes (Lair:5)
573 creatures vanquished.

Vanquished Creatures (others)
  A naga warrior (Snake:4)
  2 salamanders
  A black mamba (Snake:4)
  A naga (Snake:4)
  An orc (D:9)
  A demonic plant (Gauntlet)
  24 fungi
  49 plants
80 creatures vanquished.

Grand Total: 653 creatures vanquished

Notes
Turn   | Place    | Note
-------+----------+-------------------------------------------
     0 | D:1      | Leeroy the Merfolk Gladiator began the quest for the Orb.
     0 | D:1      | Reached XP level 1. HP: 16/16 MP: 1/1
   152 | D:1      | Reached XP level 2. HP: 22/22 MP: 2/2
   929 | D:2      | Noticed Terence
   942 | D:2      | Killed Terence
   943 | D:2      | Reached skill level 5 in Long Blades
   943 | D:2      | Reached XP level 3. HP: 16/27 MP: 3/3
  1149 | D:2      | Reached XP level 4. HP: 25/33 MP: 4/4
  1231 | D:2      | Noticed Natasha
  1256 | D:2      | Killed Natasha
  1440 | D:2      | Noticed Robin
  1466 | D:2      | Reached XP level 5. HP: 15/38 MP: 5/5
  1489 | D:2      | Killed Robin
  1641 | D:2      | Found a runed translucent door.
  1642 | D:2      | Noticed Crazy Yiuf
  1862 | D:2      | Noticed Natasha
  1869 | D:2      | Killed Natasha
  2045 | D:2      | Noticed Natasha
  2051 | D:2      | Killed Natasha
  2142 | D:2      | Killed Crazy Yiuf
  2317 | D:3      | Reached XP level 6. HP: 26/44 MP: 6/6
  2762 | D:3      | Found an iron altar of Okawaru.
  2762 | D:3      | Found a radiant altar of Vehumet.
  2766 | D:3      | Became a worshipper of Warmaster Okawaru
  2910 | D:4      | Found Hoimn's General Store.
  2928 | D:4      | Bought a potion of might for 56 gold pieces
  2928 | D:4      | Bought a scroll of identify for 28 gold pieces
  3785 | D:5      | Entered Level 5 of the Dungeon
  3785 | D:5      | Noticed an ice beast
  3797 | D:5      | Killed an ice beast
  3824 | D:5      | Reached * piety under Okawaru
  3825 | D:5      | Reached XP level 7. HP: 45/50 MP: 7/7
  3851 | D:5      | Identified the +3 leather armour of Lugonu's Esteem {rCorr
                  | Dex+4}
  3941 | D:5      | Found a staircase to the Ecumenical Temple.
  4047 | D:5      | Reached skill level 10 in Long Blades
  4279 | D:5      | Reached ** piety under Okawaru
  4573 | D:5      | Reached XP level 8. HP: 56/56 MP: 8/8
  4852 | D:6      | Found a blossoming altar of Fedhas.
  5423 | D:7      | Noticed a yak
  5423 | D:7      | Noticed a yak
  5427 | D:7      | Noticed a yak
  5460 | D:7      | Noticed a yak
  5462 | D:7      | Noticed a yak
  5462 | D:7      | Noticed a yak
  5479 | D:6      | Killed a yak
  5479 | D:6      | Reached *** piety under Okawaru
  5483 | D:6      | Killed a yak
  5484 | D:6      | Reached XP level 9. HP: 49/61 MP: 9/9
  5537 | D:6      | HP: 1/61 [yak (14)]
  5886 | D:6      | Reached skill level 5 in Dodging
  6050 | D:7      | Found a broken altar of Ashenzari.
  6090 | D:7      | Noticed Menkaure
  6109 | D:7      | Killed Menkaure
  6109 | D:7      | Reached **** piety under Okawaru
  6241 | D:7      | Found Zin's Purification Station.
  6244 | D:7      | Found a glowing silver altar of Zin.
  6249 | D:7      | Bought a potion of curing for 90 gold pieces
  6777 | D:8      | Reached skill level 1 in Invocations
  7070 | D:8      | Reached XP level 10. HP: 11/67 MP: 10/12
  7614 | D:7      | Reached skill level 10 in Dodging
  8150 | D:8      | Reached ***** piety under Okawaru
  8193 | D:8      | Found a staircase to the Lair.
  8314 | D:8      | Reached skill level 5 in Fighting
  8418 | D:8      | Noticed a moth of wrath
  8420 | D:8      | Found a bloodstained altar of Trog.
  8963 | D:9      | Reached skill level 10 in Fighting
  8990 | D:9      | Received a gift from Okawaru
  9008 | D:9      | Noticed a two-headed ogre
  9035 | D:9      | Killed a two-headed ogre
  9036 | D:9      | Reached XP level 11. HP: 46/95 MP: 14/14
  9217 | D:9      | Found a staircase to the Orcish Mines.
  9332 | D:9      | Received a gift from Okawaru
  9496 | D:9      | Found a snail-covered altar of Cheibriados.
  9726 | D:10     | Entered Level 10 of the Dungeon
  9762 | D:10     | Noticed a two-headed ogre
  9792 | D:10     | Killed a two-headed ogre
  9792 | D:10     | Received a gift from Okawaru
 10744 | D:11     | Received a gift from Okawaru
 10941 | D:11     | Received a gift from Okawaru
 10942 | D:11     | Reached skill level 15 in Fighting
 11108 | D:11     | Noticed a boulder beetle
 11308 | D:10     | Killed a boulder beetle
 11511 | D:11     | Noticed a cyclops
 11527 | D:11     | Killed a cyclops
 11560 | D:11     | Noticed a cyan ugly thing
 11572 | D:11     | Killed a cyan ugly thing
 11837 | D:12     | Noticed a two-headed ogre
 11855 | D:12     | Killed a two-headed ogre
 11856 | D:12     | Reached skill level 15 in Long Blades
 11858 | D:12     | Noticed a two-headed ogre
 11901 | D:11     | Killed a two-headed ogre
 12164 | D:12     | Noticed a boulder beetle
 12234 | D:11     | Killed a boulder beetle
 12234 | D:11     | Identified the +1 plate armour of the Old and Reckless
                  | {-Cast Harm rElec Str-2} (Okawaru gifted it to you on level
                  | 11 of the Dungeon)
 12234 | D:11     | Received a gift from Okawaru
 12469 | D:12     | Noticed a wolf spider
 12469 | D:12     | Noticed a red ugly thing
 12598 | D:12     | Found Qiraiq's Demolitions Depot.
 12609 | D:12     | Reached XP level 12. HP: 103/110 MP: 15/15
 12651 | D:12     | Bought a wand of light (7) for 382 gold pieces
 12828 | D:12     | Noticed Nergalle
 12938 | D:11     | Killed Nergalle
 12938 | D:11     | Reached ****** piety under Okawaru
 13282 | D:12     | Noticed a six-headed hydra
 13389 | Lair:1   | Entered Level 1 of the Lair of Beasts
 13650 | Lair:1   | Reached skill level 5 in Invocations
 14124 | Lair:1   | Noticed a catoblepas
 14158 | Lair:1   | Killed a catoblepas
 14668 | Lair:2   | Found a gate leading to a gauntlet.
 14685 | Gauntlet | Entered a Gauntlet
 14685 | Gauntlet | Found a transporter.
 14685 | Gauntlet | Found a transporter.
 14699 | Gauntlet | Found a runed translucent door.
 14704 | Gauntlet | Found a transporter.
 14707 | Gauntlet | Found a transporter.
 14715 | Gauntlet | Found a transporter.
 14720 | Gauntlet | Found a transporter.
 14723 | Gauntlet | Noticed a death yak
 14724 | Gauntlet | Noticed a death yak
 14725 | Gauntlet | Noticed a death yak
 14726 | Gauntlet | Noticed a death yak
 14729 | Gauntlet | Found a transporter.
 14745 | Gauntlet | Noticed an entropy weaver
 14748 | Gauntlet | Found a transporter.
 14765 | Gauntlet | Found a transporter.
 14769 | Gauntlet | Found a transporter.
 14773 | Gauntlet | Found a runed translucent door.
 14774 | Gauntlet | Found a runed translucent door.
 14777 | Gauntlet | Found a transporter.
 14781 | Gauntlet | Found a transporter.
 14876 | Gauntlet | Paralysed by a floating eye for 2 turns
 14978 | Gauntlet | Gained mutation: You occasionally shout uncontrollably at
                  | your foes. [a neqoxec]
 14990 | Gauntlet | Identified the ring of Nontuon {rPois rF+++ rN+ Dex-4
                  | Stlth+}
 15036 | Gauntlet | Killed an entropy weaver
 15046 | Gauntlet | Identified the +9 plate armour "Mithiewk" {rC++ Will- Str+5
                  | Int+3}
 15050 | Gauntlet | Identified the ring of Equilibrium {rC+++ Will+ Str+5
                  | Int-3}
 15074 | Gauntlet | Noticed a minotaur
 15106 | Gauntlet | Killed a minotaur
 15106 | Gauntlet | Identified the +3 buckler of Existentialism {Int+3 Dex+3}
                  | (Okawaru gifted it to you in a Gauntlet)
 15106 | Gauntlet | Received a gift from Okawaru
 15386 | Lair:2   | Reached skill level 1 in Shields
 15542 | Lair:2   | Found a staircase to the Shoals.
 15611 | Lair:2   | Noticed a death yak
 15611 | Lair:2   | Noticed a death yak
 15612 | Lair:2   | Noticed a death yak
 15612 | Lair:2   | Noticed a death yak
 15650 | Lair:2   | Killed a death yak
 15651 | Lair:2   | Reached XP level 13. HP: 102/116 MP: 18/18
 16100 | Lair:3   | Identified the amulet of Ysaim {Acrobat Drain rF+ rN+
                  | Str+3}
 16144 | Lair:3   | Noticed Kirke
 16165 | Lair:3   | Killed Kirke
 16600 | Lair:3   | Reached skill level 15 in Dodging
 16878 | Lair:3   | Found a staircase to the Snake Pit.
 17179 | Lair:4   | Received a gift from Okawaru
 17457 | Lair:4   | Found a viscous altar of Jiyva.
 17457 | Lair:4   | Found a staircase to the Slime Pits.
 17487 | Lair:4   | Found a frozen archway.
 17544 | IceCv    | Entered an ice cave
 17568 | IceCv    | Reached XP level 14. HP: 85/124 MP: 19/19
 17574 | IceCv    | Found a transporter.
 17584 | IceCv    | Found a transporter.
 17777 | Lair:4   | Identified the +5 plate armour "Huon" {rCorr} (Okawaru
                  | gifted it to you on level 4 of the Lair of Beasts)
 17777 | Lair:4   | Received a gift from Okawaru
 18271 | Lair:5   | Entered Level 5 of the Lair of Beasts
 19031 | Lair:5   | Identified the +2 pair of boots of the Lobster {rF+ rC-
                  | rCorr Stlth+} (Okawaru gifted it to you on level 5 of the
                  | Lair of Beasts)
 19031 | Lair:5   | Received a gift from Okawaru
 19190 | Lair:5   | Learned a level 4 spell: Manifold Assault
 19461 | Lair:5   | Found a blossoming altar of Fedhas.
 20165 | Snake:1  | Entered Level 1 of the Snake Pit
 20165 | Snake:1  | Found a snail-covered altar of Cheibriados.
 20387 | Snake:1  | Reached XP level 15. HP: 19/134 MP: 15/20
 20603 | Snake:1  | Received a gift from Okawaru
 20762 | Snake:1  | Found Loxakhlu's Superior Scales.
 21045 | Snake:2  | Noticed a nagaraja
 21064 | Snake:2  | Killed a nagaraja
 21065 | Snake:2  | Reached skill level 1 in Translocations
 21136 | Snake:2  | Identified the +0 chain mail "Xoraqaen" {-Cast Harm rF+}
 22096 | Snake:3  | Identified the +3 scale mail "Iplaaska" {*Slow +Blink
                  | rC+++} (Okawaru gifted it to you on level 3 of the Snake
                  | Pit)
 22096 | Snake:3  | Received a gift from Okawaru
 22271 | Snake:3  | Reached skill level 5 in Translocations
 22439 | Snake:3  | Reached XP level 16. HP: 141/141 MP: 21/21
 22487 | Snake:3  | Noticed Mara
 22495 | Snake:3  | Noticed Leeroy's illusion
 22721 | Snake:3  | Banished Mara
 22806 | Snake:4  | Entered Level 4 of the Snake Pit
 22947 | Snake:4  | Noticed Nikola
 22962 | Snake:4  | Killed Nikola
 23278 | Snake:4  | Noticed a nagaraja
 23291 | Snake:4  | Banished a nagaraja
 23308 | Snake:4  | Identified Roxanne's Reference Book on Configuration
 23308 | Snake:4  | Noticed Roxanne
 23338 | Snake:4  | Received a gift from Okawaru
 23619 | Snake:4  | Learned a level 4 spell: Passage of Golubria
 23654 | Snake:4  | Reached skill level 1 in Spellcasting
 23877 | Snake:4  | Identified the +1 short sword "Muokodd" {drain, +Blink
                  | Dex-2 SInv} (Okawaru gifted it to you on level 4 of the
                  | Snake Pit)
 23877 | Snake:4  | Received a gift from Okawaru
 24095 | Snake:4  | HP: 3/141 [naga warrior/+2 long sword of holy wrath (29)]
 24095 | Snake:4  | Constricted to death by a naga warrior

Illustrated notes

Levels and vault maps discovered:
D:1:      minmay_arrival_diagonal_passages, layout_basic
D:2:      layout_loops_corners, uniq_crazy_yiuf_cottage, uniq_natasha,
          uniq_robin, uniq_terence
D:3:      layout_rooms, gammafunk_temple_overflow_elements,
          small_statue_intersection
D:4:      layout_basic, serial_shops, shop, grunt_ministairs_4
D:5:      minmay_spotlight, layout_loops_ring, minmay_temple_entry_wispy
D:6:      layout_loops_ring, lemuel_doored_altar, supply_closet_lemuel
D:7:      layout_cave_pools, evilmike_ruin_ashenzari, zin_purify, uniq_menkaure
D:8:      layout_rooms, tgw_trog, lair_entry_dummy
D:9:      layout_rooms, nicolae_overflow_hidden_temple, slow_altar_1,
          erik_orc_3, minmay_fire_ice_demons
D:10:     layout_loops_ring
D:11:     layout_irregular_city, kennysheep_boxes
D:12:     minmay_crescents, layout_rooms, nicolae_blasting_shop, uniq_nergalle
Lair:1:   layout_small_grid
Lair:2:   layout_cave_pods, elwin_shoals_entry_rocks, gauntlet_entry_generic
Lair:3:   layout_regular_city, minmay_snake_entry_guardpost_large, worms_lemuel,
          uniq_kirke
Lair:4:   layout_cave_shapes, slime_entry_1, portal_ice_cave_rime,
          nicolae_lair_grove_arrangements
Lair:5:   evilmike_catoblepas_cave, layout_cellular_growth, tgw_fedhas
Snake:1:  layout_onion_interference, basic_altar, drop_trap,
          hellmonk_scale_shop, grunt_megastairs_1, serial_bayou_shore_a
Snake:2:  layout_cave_pods, lemuel_fruit_tree, serial_bayou_shore_b
Snake:3:  nicolae_snake_nest, layout_gridlike, uniq_mara
Snake:4:  grunt_snake_rune_pools, layout_cave_town, nicolae_triple_integral,
          uniq_roxanne, uniq_vashnia, uniq_nikola

Skill      XL: |  1  2  3  4  5  6  7  8  9 10 11 12 13 14 15 16 |
---------------+-------------------------------------------------+-----
Long Blades    | 4 5 6 7 9 11 13 14 16 17 19 20 | 20.9
Dodging        | 9 10 13 18 19 20 | 20.4
Invocations    | 3 4 7 |  7.0
Fighting       | 12 15 17 | 17.5
Shields        | 2 4 |  4.0
Translocations | 5 8 |  8.0
Spellcasting   | 4 |  4.0
Throwing       | |  2.0

Action                     |  1- 3 |  4- 6 |  7- 9 | 10-12 | 13-15 | 16-18 || total
---------------------------+-------+-------+-------+-------+-------+-------++-------
  Melee: Long sword        |    88 |    57 |   110 |   338 |       |       ||   593
         Punch             |     1 |     1 |     5 |    14 |       |       ||    21
         Short sword       |       |   101 |   220 |   523 |   571 |       ||  1415
         Falchion          |       |       |       |    76 |       |       ||    76
         Tailslap          |       |       |       |     9 |    45 |       ||    54
         Scimitar          |       |       |       |       |   367 |       ||   367
         Unarmed           |       |       |       |       |     3 |       ||     3
         Great sword       |       |       |       |       |   264 |   245 ||   509
  Throw: Dart              |       |     3 |       |     9 |     2 |       ||    14
         Throwing net      |       |     1 |       |     4 |       |       ||     5
         Javelin           |       |     1 |       |       |       |       ||     1
 Invoke: Finesse           |       |       |       |     2 |       |     2 ||     4
  Evoke: Wand              |       |       |       |     2 |     1 |     3 ||     6
    Use: Potion            |       |     4 |     3 |     2 |     2 |     4 ||    15
         Scroll            |       |     2 |     5 |     6 |     9 |     3 ||    25
   Stab: Sleeping          |     1 |     2 |     4 |     2 |     8 |       ||    17
         Distracted        |       |       |     1 |     2 |     2 |     2 ||     7
         Held in net/web   |       |       |       |     7 |       |       ||     7
         Petrifying        |       |       |       |     1 |       |       ||     1
         Invisible         |       |       |       |       |       |     2 ||     2
 Armour: Leather armour    |    30 |    43 |    56 |   116 |   107 |    22 ||   374
  Dodge: Dodged            |    56 |   101 |   209 |   837 |  1239 |   378 ||  2820
  Block: Buckler           |       |       |       |    11 |   363 |       ||   374

Table legend: (Time is in decaauts)
 A = Elapsed time spent in this place.
 B = Non-inter-level travel time spent in this place.
 C = Inter-level travel time spent in this place.
 D = Time resting spent in this place.
 E = Time spent auto-exploring this place.
 F = Levels seen in this place.
 G = Mean time per level.
                   A        B        C        D        E       F      G
               +--------+--------+--------+--------+--------+-----+--------+
         Total |  22991 |  22240 |    751 |   2786 |  14487 |  23 |  999.6 |
       Dungeon |  13063 |  12586 |    477 |   2140 |   8224 |  12 | 1088.6 |
          Lair |   5618 |   5395 |    223 |    236 |   3760 |   5 | 1123.6 |
     Snake Pit |   3740 |   3689 |     51 |    409 |   2296 |   4 |  935.0 |
      Ice Cave |    117 |    117 |      0 |      0 |      0 |   1 |  117.0 |
      Gauntlet |    450 |    450 |      0 |      0 |    206 |   1 |  450.0 |
               +--------+--------+--------+--------+--------+-----+--------+

Top non-repeatable levels by time:
    D:11: 1832 daAuts
  Lair:5: 1721 daAuts
     D:7: 1348 daAuts
     D:2: 1332 daAuts
     D:6: 1232 daAuts
     D:9: 1184 daAuts
     D:8: 1140 daAuts
    D:10: 1125 daAuts
  Lair:3: 1103 daAuts
 Snake:2: 1096 daAuts
  Lair:1: 1068 daAuts
 Snake:4: 1019 daAuts
     D:4: 913 daAuts
     D:1: 906 daAuts
     D:5: 903 daAuts
